 Dungeon Crawl Stone Soup version 0.29-a0-344-ge2f44be95a (webtiles) character file.

Game seed: 6889791993862709576

181622 spaghetti the Epochal (level 18, -37/138 (141) HPs)
             Began as a Gnoll Summoner on Apr 21, 2022.
             Was an Elder of Cheibriados.
             Killed from afar by an ancient lich (80 damage)
             ... with a crystal spear
             ... on level 3 of the Abyss.
             The game lasted 01:55:04 (43389 turns).

spaghetti the Epochal (Gnoll Summoner)             Turns: 43389, Time: 01:55:04

HP:   -37/138 (141) AC: 36    Str: 19    XL:     18   Next: 31%
MP:   24/35         EV:  9    Int: 40    God:    Cheibriados [****..]
Gold: 1337          SH:  8    Dex: 23    Spells: 27/43 levels left

rFire   + . .      SeeInvis .   M - +3 demon blade {long}
rCold   + . .      Faith    .   n - +0 buckler
rNeg    + . .      Spirit   .   Y - +4 crystal plate armour {ponderous} {rare=g}
rPois   +          Reflect  .   A - +0 helmet
rElec   .          Harm     .   q - +1 cloak {rPois}
rCorr   .          Rampage  .   K - +1 pair of gloves
Will    +....                   d - +0 pair of boots
Stlth   ..........              p - amulet "Fuatoit" {RegenMP rF+ rC+ rN+ Slay+2}
HPRegen 0.33/turn               E - +6 ring of intelligence
MPRegen 0.64/turn               f - +6 ring of intelligence

@: mighty, lightly drained, very slow
A: fangs 1, strong nose, distributed training, iridescent scales 1, sense
surroundings 1, wild magic 1
a: Renounce Religion, Bend Time, Temporal Distortion, Slouch


You were on level 3 of the Abyss.
You worshipped Cheibriados.
Cheibriados was greatly pleased with you.
You visited 4 branches of the dungeon, and saw 26 of its levels.
You visited the Abyss 1 time.
You also visited: Bailey.

You collected 2855 gold pieces.
You spent 1518 gold pieces at shops.


Innate Abilities, Weirdness & Mutations

You have very sharp teeth.
Your uncanny sense of smell can sniff out nearby items.
Your experience applies equally to all skills.
You are partially covered in iridescent scales. (AC +2)
You passively map a small area around you.
Your spells are a little harder to cast, but a little more powerful.


   Skills:
 + Level 12.3 Fighting
 + Level 12.3 Short Blades
 + Level 12.3 Long Blades
 + Level 12.3 Axes
 + Level 12.3 Maces & Flails
 + Level 12.3 Polearms
 + Level 12.3 Staves
 + Level 12.3 Slings
 + Level 12.3 Bows
 + Level 12.3 Crossbows
 + Level 12.3 Throwing
 + Level 12.3 Armour
 + Level 13.1 Dodging
 + Level 13.0 Stealth
 + Level 12.3 Shields
 + Level 12.3 Unarmed Combat
 + Level 13.2 Spellcasting
 + Level 10.4 Conjurations
 + Level 10.4 Hexes
 + Level 12.5 Summonings
 + Level 10.4 Necromancy
 + Level 10.4 Translocations
 + Level 10.4 Transmutations
 + Level 10.4 Fire Magic
 + Level 10.4 Ice Magic
 + Level 10.4 Air Magic
 + Level 10.4 Earth Magic
 + Level 10.4 Poison Magic
 + Level 13.3 Invocations
 + Level 12.3 Evocations


You had 27 spell levels left.
You knew the following spells:

 Your Spells              Type           Power      Damage    Failure   Level
a - Summon Small Mammal   Summ           100%       N/A       1%          1
b - Call Canine Familiar  Summ           100%       N/A       4%          3
c - Summon Lightning Spi  Summ/Air       100%       N/A       17%         4
d - Lightning Bolt        Conj/Air       48%        1d69      54%         5
e - Inner Flame           Hex/Fire       97%        N/A       9%          3

Your spell library contained the following spells:

 Spells                   Type           Power      Damage    Failure   Level
 Call Imp                 Summ           100%       N/A       2%          2
 Animate Skeleton         Necr           100%       N/A       3%          1
 Freeze                   Ice            100%       1d11      3%          1
 Pain                     Necr           100%       1d9       3%          1
 Ensorcelled Hibernation  Hex/Ice        100%       N/A       4%          2
 Passwall                 Tmut/Erth      80%        N/A       4%          2
 Scorch                   Fire           100%       2d10      4%          2
 Static Discharge         Conj/Air       97%        N/A       4%          2
 Summon Guardian Golem    Hex/Summ       100%       N/A       6%          3
 Confusing Touch          Hex            97%        N/A       9%          3
 Frozen Ramparts          Ice            100%       1d12      9%          3
 Mephitic Cloud           Conj/Pois/Air  97%        N/A       9%          3
 Spider Form              Tmut/Pois      97%        N/A       9%          3
 Stone Arrow              Conj/Erth      100%       3d13      9%          3
 Swiftness                Air            97%        N/A       9%          3
 Vampiric Draining        Necr           97%        2d12      9%          3
 Animate Armour           Summ/Erth      100%       N/A       17%         4
 Anguish                  Hex/Necr       48%        N/A       26%         4
 Cause Fear               Hex            48%        N/A       26%         4
 Flame Wave               Conj/Fire      97%        2d16      26%         4
 Hailstorm                Conj/Ice       97%        3d19      26%         4
 Ice Form                 Ice/Tmut       97%        N/A       26%         4
 Blade Hands              Tmut           48%        N/A       54%         5
 Irradiate                Conj/Tmut      48%        3d29      54%         5
 Yara's Violent Unravell  Hex/Tmut       48%        3d19      54%         5
 Summon Cactus Giant      Summ           52%        N/A       83%         6
 Iron Shot                Conj/Erth      48%        9d9       98%         6
 Simulacrum               Ice/Necr       48%        N/A       98%         6
 Dragon Form              Tmut           48%        N/A       100%        7
 Enfeeble                 Hex            48%        N/A       100%        7
 Borgnjor's Revivificati  Necr           48%        N/A       100%        8
 Discord                  Hex            48%        N/A       100%        8
 Lehudib's Crystal Spear  Conj/Erth      48%        10d12     100%        8
 Maxwell's Capacitive Co  Air            48%        ∞         100%        8
 Necromutation            Tmut/Necr      48%        N/A       100%        8
 Death's Door             Necr           48%        N/A       100%        9

Inventory:

Hand Weapons
 a - the +11 fustibalus of Yluriak {venom, rCorr Int+3, sling}
   (You acquired it in a bailey)

   Any ammunition fired from it poisons the flesh of those it strikes.
   Int:       It affects your intelligence (+3).
   rCorr:     It protects you from acid and corrosion.
 M - a +3 demon blade (weapon) {long}
   (You took it off a hell knight on level 15 of the Dungeon)
Missiles
 c - 5 throwing nets {=f!fthrowing}
 e - 859 stones {throwing}
 l - 9 atropa-tipped darts {throwing}
 r - 36 poisoned darts {throwing}
 B - 3 silver boomerangs {throwing}
 D - 5 curare-tipped darts {=fthrowing}
 F - 19 boomerangs {throwing}
Armour
 d - a +0 pair of boots (worn)
   (You found it on level 11 of the Dungeon)
 n - a +0 buckler (worn)
   (You took it off an orc on level 5 of the Dungeon)
 q - a +1 cloak of poison resistance (worn)
   (You bought it in a shop on level 2 of the Orcish Mines)
 A - a +0 helmet (worn)
   (You bought it in a shop on level 4 of the Dungeon)
 K - a +1 pair of gloves (worn)
   (You found it on level 5 of the Lair of Beasts)
 Y - a +4 crystal plate armour of ponderousness (worn) {rare=g}
   (You bought it in a shop on level 12 of the Dungeon)
Jewellery
 f - a +6 ring of intelligence (right hand)
   (You found it on level 4 of the Lair of Beasts)
 p - the amulet "Fuatoit" (around neck) {RegenMP rF+ rC+ rN+ Slay+2}
   (You acquired it on level 5 of the Lair of Beasts)

   [amulet of magic regeneration]

   It increases your rate of magic regeneration.
   Slay:      It affects your accuracy & damage with ranged weapons and melee
   (+2).
   rF:        It protects you from fire.
   rC:        It protects you from cold.
   rN:        It protects you from negative energy.
 t - an amulet of regeneration {@e2}
   (You found it on level 3 of the Dungeon)
 y - a ring of ice
   (You took it off a deep elf pyromancer on level 3 of the Elven Halls)
 E - a +6 ring of intelligence (left hand)
   (You found it on level 10 of the Dungeon)
 L - an amulet of the acrobat
   (You found it on level 6 of the Lair of Beasts)
 O - a +4 ring of evasion
   (You took it off a gnoll on level 7 of the Dungeon)
Wands
 j - a wand of paralysis (14)
   (You took it off a goblin on level 3 of the Dungeon)
 x - a wand of mindburst (8)
   (You found it on level 5 of the Lair of Beasts)
 G - a wand of charming (6)
   (You found it on level 5 of the Lair of Beasts)
 N - a wand of digging (6)
   (You found it on level 7 of the Dungeon)
 R - a wand of flame (44)
   (You found it on level 7 of the Dungeon)
Scrolls
 b - 5 scrolls of vulnerability {!r!r}
 i - 6 scrolls of magic mapping {!r}
 s - 10 scrolls of teleportation {@r4}
 u - 2 scrolls of silence {!r}
 w - 5 scrolls of immolation {!r!r}
 C - 2 scrolls of fear
 J - 2 scrolls of enchant weapon
 W - 5 scrolls of fog
 X - 10 scrolls of identify {@r1}
Potions
 g - 6 potions of flight
 h - 5 potions of cancellation
 k - 9 potions of might
 m - 6 potions of brilliance
 z - 5 potions of lignification {!q}
 H - 5 potions of mutation {!q}
 I - 6 potions of attraction {!q}
 Q - 3 potions of magic
 S - a potion of curing {@q1}
 U - 4 potions of resistance
 Z - a potion of ambrosia {unknown}
Miscellaneous
 P - a lightning rod (2/4)
   (You found it on level 11 of the Dungeon)

Dungeon Overview and Level Annotations

Branches:
Dungeon (15/15)            Temple (0/1) D:6            Lair (6/6) D:10
  Swamp (0/4) Lair:3       Spider (0/4) Lair:2        Slime (0/5) Lair:6
    Orc (2/2) D:12            Elf (3/3) Orc:2        Vaults (0/5) D:14
 Depths (0/4) D:15         Bailey (visited)

Altars:
Ashenzari
Cheibriados
Dithmenos
Fedhas
Qazlal
Vehumet
Beogh
Jiyva

Shops:
D:4 *   D:10 *   D:12 (   D:14 (   D:15 (   Orc:2 [(*? Elf:2

(= . ..
### #
###h## #
#..r@#
#...#8#{#
#.. #.x##
. . ..
...#.#
.....#
.##.. ###


You could see a small abomination, a friendly warg (summoned), a friendly
lightning spire (summoned) and a friendly quokka (summoned).


Message History

Your warg barely misses something. 😮 HP[+1] MP[+1] Fire: a) +11 fustibalus of Yluriak {venom, rCorr Int+3, sling}
Press: ? - help, Q - select action, (/) - cycle Shift-Dir - straight line You shoot a sling bullet.
Your warg completely misses something.
Something touches you but does no damage.
Your warg bites something but does no damage.
Something touches you but does no damage. 😮 MP[+1] Fire: a) +11 fustibalus of Yluriak {venom, rCorr Int+3, sling}
Press: ? - help, Q - select action, (/) - cycle Shift-Dir - straight line You shoot a sling bullet.
Your warg bites something but does no damage.
You block something's attack.
Your warg closely misses something. 😮 HP[+1] MP[+1] Fire: a) +11 fustibalus of Yluriak {venom, rCorr Int+3, sling}
Press: ? - help, Q - select action, (/) - cycle Shift-Dir - straight line You shoot a sling bullet.
Your lightning spire disappears in a puff of smoke!
Your warg barely misses something.
Something touches you.
Your warg closely misses something.
Something barely misses your warg. Something touches you.
* * * LOW HITPOINT WARNING * * *
Your magical contamination has completely faded away. 😨 HP[-7] MP[+1]
You take 7 damage, and now have 68/138 hp.
Casting: Call Canine Familiar (mildly dangerous; 3% risk of failure)
Confirm with . or Enter, or press ? or * to list all spells.
An electric hum fills the air.
Your warg closely misses something.
Something hits your warg! Something touches you.
* * * LOW HITPOINT WARNING * * *
Your warg bites something but does no damage. 😨 HP[-3] MP[-3]
You take 3 damage, and now have 65/138 hp.
You lost 3 mp, and now have 22/35 mp.
Okay, then.
Fire: a) +11 fustibalus of Yluriak {venom, rCorr Int+3, sling}
Press: ? - help, Q - select action, (/) - cycle Shift-Dir - straight line You shoot a sling bullet.
Your warg bites something.
Something barely misses your warg. You block something's attack.
Your warg barely misses something.
Something hits your warg!
You hear some strange, mumbled words.
A crystal spear appears from out of thin air!
The crystal spear hits you!!
* * * LOW HITPOINT WARNING * * *
😨 HP[-22] MP[+1]
You take 22 damage, and now have 43/138 hp.
Fire: a) +11 fustibalus of Yluriak {venom, rCorr Int+3, sling}
Press: ? - help, Q - select action, (/) - cycle Shift-Dir - straight line You shoot a sling bullet.
Your warg bites something but does no damage.
Something closely misses your warg.
Something touches you but does no damage.
Your warg bites something. 😨 HP[+1] MP[+1]
Okay, then.
Okay, then.
Okay, then.
Okay, then.
Okay, then.
The +11 fustibalus of Yluriak {venom, rCorr Int+3, sling} stops dripping with poison.
M - a +3 demon blade (weapon)
{long} Something hits your warg!
You block something's attack.
Your warg bites something.
Okay, then.
Okay, then.
Okay, then.
You feel very mighty all of a sudden.
Your warg closely misses something.
Something barely misses your warg.
You hear some strange, mumbled words.
A crystal spear appears from out of thin air!
The crystal spear hits you.
* * * LOW HITPOINT WARNING * * *
😨 HP[-3] MP[+1]
You take 3 damage, and now have 41/138 hp.
You hit something.
Your warg closely misses something. 😨 HP[+1]
You slash something! Something hits your warg!!
Your warg dies!
Your warg's corpse disappears in a puff of smoke!
You hear some strange, mumbled words. 😨 MP[+1]
Casting: Summon Lightning Spire (dangerous; 17% risk of failure)
Confirm with . or Enter, or press ? or * to list all spells.
Something touches you but does no damage.
A small abomination comes into view.
Something touches you but does no damage. 😨 MP[-2]
You lost 2 mp, and now have 24/35 mp.
You slash something!
The small abomination hits your lightning spire.
Something touches you but does no damage.
You closely miss something. You bite something!
You hear some strange, mumbled words.
A crystal spear appears from out of thin air!
The crystal spear hits you!!!!
Ouch! That really hurt!
You die...

Skill      XL: |  1  2  3  4  5  6  7  8  9 10 11 12 13 14 15 16 17 18 |
---------------+-------------------------------------------------------+-----
Spellcasting   | 5 6 7 8 9 10 11 12 13 | 13.2
Invocations    | 1 2 3 4 5 6 7 8 9 10 11 12 13 | 13.3
Fighting       | 1 2 3 4 5 6 7 8 9 10 11 12 | 12.3
Short Blades   | 1 2 3 4 5 6 7 8 9 10 11 12 | 12.3
Long Blades    | 1 2 3 4 5 6 7 8 9 10 11 12 | 12.3
Axes           | 1 2 3 4 5 6 7 8 9 10 11 12 | 12.3
Maces & Flails | 1 2 3 4 5 6 7 8 9 10 11 12 | 12.3
Polearms       | 1 2 3 4 5 6 7 8 9 10 11 12 | 12.3
Staves         | 1 2 3 4 5 6 7 8 9 10 11 12 | 12.3
Slings         | 1 2 3 4 5 6 7 8 9 10 11 12 | 12.3
Bows           | 1 2 3 4 5 6 7 8 9 10 11 12 | 12.3
Crossbows      | 1 2 3 4 5 6 7 8 9 10 11 12 | 12.3
Throwing       | 1 2 3 4 5 6 7 8 9 10 11 12 | 12.3
Armour         | 1 2 3 4 5 6 7 8 9 10 11 12 | 12.3
Shields        | 1 2 3 4 5 6 7 8 9 10 11 12 | 12.3
Unarmed Combat | 1 2 3 4 5 6 7 8 9 10 11 12 | 12.3
Evocations     | 1 2 3 4 5 6 7 8 9 10 11 12 | 12.3
Conjurations   | 1 2 3 4 5 6 7 8 9 10 | 10.4
Hexes          | 1 2 3 4 5 6 7 8 9 10 | 10.4
Necromancy     | 1 2 3 4 5 6 7 8 9 10 | 10.4
Translocations | 1 2 3 4 5 6 7 8 9 10 | 10.4
Transmutations | 1 2 3 4 5 6 7 8 9 10 | 10.4
Fire Magic     | 1 2 3 4 5 6 7 8 9 10 | 10.4
Ice Magic      | 1 2 3 4 5 6 7 8 9 10 | 10.4
Air Magic      | 1 2 3 4 5 6 7 8 9 10 | 10.4
Earth Magic    | 1 2 3 4 5 6 7 8 9 10 | 10.4
Poison Magic   | 1 2 3 4 5 6 7 8 9 10 | 10.4
Dodging        | 5 6 7 8 9 10 11 12 13 | 13.1
Stealth        | 5 6 7 8 9 10 11 12 13 | 13.0
Summonings     | 8 9 10 11 12 | 12.5

Action                   |  1- 3 |  4- 6 |  7- 9 | 10-12 | 13-15 | 16-18 || total
-------------------------+-------+-------+-------+-------+-------+-------++-------
Melee: Dagger            |   102 |    50 |       |       |       |       ||   152
       Unarmed           |     4 |       |       |       |       |       ||     4
       Bite              |     7 |    12 |    44 |    50 |     1 |     1 ||   115
       Punch             |     1 |     2 |       |       |       |       ||     3
       Quarterstaff      |       |    60 |    12 |       |       |       ||    72
       Staff             |       |       |    25 |       |       |       ||    25
       Long sword        |       |       |   214 |       |    12 |       ||   226
       Spear             |       |       |    81 |   337 |       |       ||   418
       Demon blade       |       |       |       |       |       |     4 ||     4
 Fire: Fustibalus        |       |       |       |   131 |   453 |   519 ||  1103
Throw: Stone             |    15 |     9 |    13 |       |    44 |       ||    81
 Cast: Summon Small Mamm |    12 |    21 |    45 |    10 |     2 |    59 ||   149
       Call Canine Famil |     3 |    10 |    25 |    43 |    46 |    93 ||   220
       Summon Lightning  |       |       |     2 |    30 |    82 |   140 ||   254
       Lightning Bolt    |       |       |       |    20 |   117 |   151 ||   288
       Inner Flame       |       |       |       |       |     4 |     3 ||     7
Invok: Bend Time         |       |       |       |     1 |       |     1 ||     2
       Slouch            |       |       |       |       |     6 |    11 ||    17
       Step From Time    |       |       |       |       |     1 |     4 ||     5
Evoke: Wand              |       |       |     1 |     8 |     1 |       ||    10
       Lightning rod     |       |       |       |       |     3 |     4 ||     7
  Use: Potion            |     4 |     1 |     2 |     5 |     7 |     9 ||    28
       Scroll            |     1 |     6 |     4 |    11 |     8 |     9 ||    39
 Stab: Sleeping          |     5 |     8 |     3 |       |       |       ||    16
       Distracted        |       |     1 |     6 |     6 |     2 |       ||    15
       Paralysed         |       |       |     3 |       |       |       ||     3
Armor: Robe              |    16 |    13 |    29 |       |       |       ||    58
       Plate armour      |       |       |   106 |    95 |       |       ||   201
       Chain mail        |       |       |     9 |       |       |       ||     9
       Scale mail        |       |       |       |     4 |   149 |     6 ||   159
       Crystal plate arm |       |       |       |       |       |   345 ||   345
Dodge: Dodged            |    62 |    93 |   178 |   149 |   402 |   308 ||  1192
Block: Buckler           |       |       |   108 |   114 |   194 |   278 ||   694

Levels and vault maps discovered:
D:1:      saegor_arrival_simple_c, layout_basic
D:2:      layout_basic, serial_rivers, chequers_serial_rivers_large_b,
          chequers_serial_rivers_marsh, chequers_serial_rivers_marsh,
          chequers_serial_rivers_small_a, basic_ecumenical_altar,
          lemuel_flame_loot_1, uniq_crazy_yiuf_cottage
D:3:      layout_basic, vehumet_crystals, uniq_sigmund, uniq_robin
D:4:      layout_gridville, mainiacjoe_overflow_catch_the_wave, serial_shops,
          shop
D:5:      layout_rooms
D:6:      layout_loops_corners, grunt_temple_overflow_forces_of_nature,
          minmay_temple_entry_mist, serial_aquarium, aquarium_bridge_straight
          [aquarium_subvault_bridge, aquarium_subvault_window,
          aquarium_subvault_bridge, aquarium_subvault_balcony],
          aquarium_window_1, aquarium_window_1, aquarium_view_2b,
          aquarium_view_2e, aquarium_balcony_3b, aquarium_pool_split
D:7:      layout_cave_pools, nicolae_dithmenos_shadow_blocks, serial_gnoll_camp,
          gnoll_camp_mini_basic, gnoll_camp_mini_doghouse,
          gnoll_camp_huts_basic, gnoll_camp_mini_hut, gnoll_camp_mini_hut
D:8:      layout_cave_pods
D:9:      layout_layer_cave, enter_bailey_2
D:10:     layout_loops_ring, lair_entry_dummy, kennysheep_pointless_box,
          minmay_shop_damaged, uniq_snorg, uniq_erolcha
D:11:     layout_loops_ring, grunt_qazlal_clouds
D:12:     layout_loops_ring, orc_david_3, gauntlet_entry_generic,
          minmay_shop_chei, blue_anna_alchemist
D:13:     layout_irregular_city
D:14:     layout_roguey, erik_vaults_1, serial_shops, shop, hangedman_ranch
D:15:     grunt_enter_depths_snipers, layout_irregular_city, serial_shops,
          nicolae_shop_trees, kennysheep_doodads, grunt_ministairs_7,
          small_chamber_with_monster, minmay_rotating_lava
Lair:1:   cheibrodos_lair_river_kwai, layout_regular_city, uniq_gastronok,
          uniq_grum, uniq_joseph, uniq_sonja
Lair:2:   lemuel_ratsnest, layout_cave_shapes, spider_nest_entry_a, ice2_lemuel,
          infiniplex_staircase_pool
Lair:3:   layout_regular_city, swamp_mist
Lair:4:   layout_hall_layers, nicolae_lair_lindhole, infiniplex_staircase_pool_2
Lair:5:   layout_cave_shapes, uniq_nessos
Lair:6:   gammafunk_lair_ancient_temple, layout_gridlike, slime_altar_1
Orc:1:    layout_diamond_mine, mines5_lemuel
Orc:2:    pubby_orc_utopia
Elf:1:    eino_elf_arrival_the_gate, layout_geoelf_octagon,
          minmay_elf_annihilation, nicolae_elf_martial_mastery
Elf:2:    nicolae_elf_blades_splatter_lattice [mumra_blade_entry_bloodbath],
          layout_geoelf_grid, minmay_shop_star, uniq_louise
Elf:3:    minmay_elf_hall_statues, layout_geoelf_diagonals,
          nicolae_elf_crossing_hall
Abyss:3:  base: Gauntlet, minivault_13, bh_abyss_exit_choice

Notes
Turn   | Place    | Note
-------+----------+-------------------------------------------
     0 | D:1      | spaghetti the Gnoll Summoner began the quest for the Orb.
     0 | D:1      | Reached XP level 1. HP: 13/13 MP: 6/6
     0 | D:1      | magus.rc [v1.9.6]
   302 | D:1      | Reached XP level 2. HP: 12/19 MP: 7/7
   449 | D:1      | You pick up a book of Dreams and begin reading...
   449 | D:1      | You add the spells Ensorcelled Hibernation, Spider Form and
                  | Anguish to your library.
  1439 | D:1      | Reached XP level 3. HP: 25/25 MP: 9/9
  1493 | D:1      | Reached skill level 5 in Spellcasting
  1638 | D:1      | Learned a level 3 spell: Call Canine Familiar
  1845 | D:2      | Reached skill level 1 in Invocations
  1845 | D:2      | HP: 6/25 [poisoned by an adder]
  2329 | D:2      | Reached skill level 1 in Fighting
  2329 | D:2      | Reached skill level 1 in Short Blades
  2329 | D:2      | Reached skill level 1 in Long Blades
  2329 | D:2      | Reached skill level 1 in Axes
  2329 | D:2      | Reached skill level 1 in Maces & Flails
  2329 | D:2      | Reached skill level 1 in Polearms
  2329 | D:2      | Reached skill level 1 in Staves
  2329 | D:2      | Reached skill level 1 in Slings
  2329 | D:2      | Reached skill level 1 in Bows
  2329 | D:2      | Reached skill level 1 in Crossbows
  2329 | D:2      | Reached skill level 1 in Throwing
  2329 | D:2      | Reached skill level 1 in Armour
  2329 | D:2      | Reached skill level 1 in Shields
  2329 | D:2      | Reached skill level 1 in Unarmed Combat
  2329 | D:2      | Reached skill level 1 in Evocations
  2574 | D:2      | Reached XP level 4. HP: 29/32 MP: 11/11
  2773 | D:2      | You pick up a book of Burglary and begin reading...
  2773 | D:2      | You add the spells Passwall and Swiftness to your library.
  2779 | D:2      | Found a faded altar of an unknown god.
  3007 | D:2      | Found a runed translucent door.
  3008 | D:2      | Noticed Crazy Yiuf
  3100 | D:2      | Reached skill level 1 in Conjurations
  3100 | D:2      | Reached skill level 1 in Hexes
  3100 | D:2      | Reached skill level 1 in Necromancy
  3100 | D:2      | Reached skill level 1 in Translocations
  3100 | D:2      | Reached skill level 1 in Transmutations
  3100 | D:2      | Reached skill level 1 in Fire Magic
  3100 | D:2      | Reached skill level 1 in Ice Magic
  3100 | D:2      | Reached skill level 1 in Air Magic
  3100 | D:2      | Reached skill level 1 in Earth Magic
  3100 | D:2      | Reached skill level 1 in Poison Magic
  3277 | D:2      | Killed Crazy Yiuf
  3278 | D:2      | Reached XP level 5. HP: 14/37 MP: 4/12
  3694 | D:3      | Noticed Robin
  3835 | D:3      | Paralysed by a goblin for 3 turns
  3843 | D:3      | Killed Robin
  3995 | D:3      | Learned a level 4 spell: Summon Lightning Spire
  4133 | D:3      | Found a radiant altar of Vehumet.
  4163 | D:3      | You pick up a book of the Tundra and begin reading...
  4163 | D:3      | You add the spells Hailstorm, Ice Form and Simulacrum to
                  | your library.
  4509 | D:3      | Noticed Sigmund
  4528 | D:3      | Killed Sigmund
  4529 | D:3      | Reached skill level 2 in Fighting
  4529 | D:3      | Reached skill level 2 in Short Blades
  4529 | D:3      | Reached skill level 2 in Long Blades
  4529 | D:3      | Reached skill level 2 in Axes
  4529 | D:3      | Reached skill level 2 in Maces & Flails
  4529 | D:3      | Reached skill level 2 in Polearms
  4529 | D:3      | Reached skill level 2 in Staves
  4529 | D:3      | Reached skill level 2 in Slings
  4529 | D:3      | Reached skill level 2 in Bows
  4529 | D:3      | Reached skill level 2 in Crossbows
  4529 | D:3      | Reached skill level 2 in Throwing
  4529 | D:3      | Reached skill level 2 in Armour
  4529 | D:3      | Reached skill level 5 in Dodging
  4529 | D:3      | Reached skill level 2 in Shields
  4529 | D:3      | Reached skill level 2 in Unarmed Combat
  4529 | D:3      | Reached skill level 2 in Invocations
  4529 | D:3      | Reached skill level 2 in Evocations
  4529 | D:3      | Reached XP level 6. HP: 30/44 MP: 7/14
  4672 | D:4      | Found Qisoet Mole's General Store.
  4678 | D:4      | Bought a +0 cloak for 45 gold pieces
  4678 | D:4      | Bought a +0 helmet for 45 gold pieces
  4690 | D:4      | HP: 11/44 [ogre/+0 giant spiked club (24)]
  4853 | D:4      | Reached XP level 7. HP: 51/51 MP: 10/15
  5098 | D:4      | Found a snail-covered altar of Cheibriados.
  5109 | D:4      | Reached skill level 2 in Conjurations
  5109 | D:4      | Reached skill level 2 in Hexes
  5109 | D:4      | Reached skill level 2 in Necromancy
  5109 | D:4      | Reached skill level 2 in Translocations
  5109 | D:4      | Reached skill level 2 in Transmutations
  5109 | D:4      | Reached skill level 2 in Fire Magic
  5109 | D:4      | Reached skill level 2 in Ice Magic
  5109 | D:4      | Reached skill level 2 in Air Magic
  5109 | D:4      | Reached skill level 2 in Earth Magic
  5109 | D:4      | Reached skill level 2 in Poison Magic
  5212 | D:4      | Became a worshipper of Cheibriados the Contemplative
  5253 | D:4      | Found a broken altar of Ashenzari.
  5342 | D:4      | Reached skill level 5 in Stealth
  5400 | D:5      | Entered Level 5 of the Dungeon
  5544 | D:5      | Reached skill level 3 in Invocations
  5670 | D:5      | Reached * piety under Cheibriados
  5671 | D:5      | Reached XP level 8. HP: 52/57 MP: 7/16
  5698 | D:5      | Reached skill level 3 in Fighting
  5698 | D:5      | Reached skill level 3 in Short Blades
  5698 | D:5      | Reached skill level 3 in Long Blades
  5698 | D:5      | Reached skill level 3 in Axes
  5698 | D:5      | Reached skill level 3 in Maces & Flails
  5698 | D:5      | Reached skill level 3 in Polearms
  5698 | D:5      | Reached skill level 3 in Staves
  5698 | D:5      | Reached skill level 3 in Slings
  5698 | D:5      | Reached skill level 3 in Bows
  5698 | D:5      | Reached skill level 3 in Crossbows
  5698 | D:5      | Reached skill level 3 in Throwing
  5698 | D:5      | Reached skill level 3 in Armour
  5698 | D:5      | Reached skill level 3 in Shields
  5698 | D:5      | Reached skill level 3 in Unarmed Combat
  5698 | D:5      | Reached skill level 3 in Evocations
  5862 | D:5      | HP: 11/58 [gnoll/+0 halberd (13)]
  5864 | D:5      | Reached skill level 6 in Spellcasting
  6360 | D:6      | Reached ** piety under Cheibriados
  6393 | D:6      | Reached skill level 3 in Conjurations
  6393 | D:6      | Reached skill level 3 in Hexes
  6393 | D:6      | Reached skill level 3 in Necromancy
  6393 | D:6      | Reached skill level 3 in Translocations
  6393 | D:6      | Reached skill level 3 in Transmutations
  6393 | D:6      | Reached skill level 3 in Fire Magic
  6393 | D:6      | Reached skill level 3 in Ice Magic
  6393 | D:6      | Reached skill level 3 in Air Magic
  6393 | D:6      | Reached skill level 3 in Earth Magic
  6393 | D:6      | Reached skill level 3 in Poison Magic
  6393 | D:6      | Reached skill level 4 in Invocations
  6441 | D:6      | Found a staircase to the Ecumenical Temple.
  6617 | D:6      | Reached skill level 6 in Dodging
  6676 | D:6      | Reached XP level 9. HP: 65/65 MP: 18/18
  6851 | D:6      | Noticed a nameless horror
  6859 | D:6      | Killed a nameless horror
  6867 | D:6      | Noticed a nameless horror
  6883 | D:6      | Killed a nameless horror
  6887 | D:6      | Reached skill level 4 in Fighting
  6887 | D:6      | Reached skill level 4 in Short Blades
  6887 | D:6      | Reached skill level 4 in Long Blades
  6887 | D:6      | Reached skill level 4 in Axes
  6887 | D:6      | Reached skill level 4 in Maces & Flails
  6887 | D:6      | Reached skill level 4 in Polearms
  6887 | D:6      | Reached skill level 4 in Staves
  6887 | D:6      | Reached skill level 4 in Slings
  6887 | D:6      | Reached skill level 4 in Bows
  6887 | D:6      | Reached skill level 4 in Crossbows
  6887 | D:6      | Reached skill level 4 in Throwing
  6887 | D:6      | Reached skill level 4 in Armour
  6887 | D:6      | Reached skill level 4 in Shields
  6887 | D:6      | Reached skill level 4 in Unarmed Combat
  6887 | D:6      | Reached skill level 4 in Evocations
  6894 | D:6      | HP: 15/63 [wight/+3 morningstar of freezing (5)]
  7190 | D:6      | Reached skill level 6 in Stealth
  7190 | D:6      | Reached skill level 8 in Summonings
  7211 | D:6      | Found a stormy altar of Qazlal.
  7233 | D:6      | Found a blossoming altar of Fedhas.
  7809 | D:7      | Reached *** piety under Cheibriados
  7840 | D:7      | Noticed a nameless horror
  7849 | D:7      | Killed a nameless horror
  7895 | D:7      | Reached skill level 5 in Invocations
  8157 | D:7      | Found a shadowy altar of Dithmenos.
  8231 | D:7      | Reached skill level 7 in Spellcasting
  8291 | D:7      | Noticed a nameless horror
  8304 | D:7      | Reached **** piety under Cheibriados
  8305 | D:7      | Reached skill level 4 in Conjurations
  8305 | D:7      | Reached skill level 4 in Hexes
  8305 | D:7      | Reached skill level 4 in Necromancy
  8305 | D:7      | Reached skill level 4 in Translocations
  8305 | D:7      | Reached skill level 4 in Transmutations
  8305 | D:7      | Reached skill level 4 in Fire Magic
  8305 | D:7      | Reached skill level 4 in Ice Magic
  8305 | D:7      | Reached skill level 4 in Air Magic
  8305 | D:7      | Reached skill level 4 in Earth Magic
  8305 | D:7      | Reached skill level 4 in Poison Magic
  8305 | D:7      | Reached XP level 10. HP: 68/73 MP: 2/20
  8316 | D:7      | Reached skill level 5 in Fighting
  8316 | D:7      | Reached skill level 5 in Short Blades
  8316 | D:7      | Reached skill level 5 in Long Blades
  8316 | D:7      | Reached skill level 5 in Axes
  8316 | D:7      | Reached skill level 5 in Maces & Flails
  8316 | D:7      | Reached skill level 5 in Polearms
  8316 | D:7      | Reached skill level 5 in Staves
  8316 | D:7      | Reached skill level 5 in Slings
  8316 | D:7      | Reached skill level 5 in Bows
  8316 | D:7      | Reached skill level 5 in Crossbows
  8316 | D:7      | Reached skill level 5 in Throwing
  8316 | D:7      | Reached skill level 5 in Armour
  8316 | D:7      | Reached skill level 5 in Shields
  8316 | D:7      | Reached skill level 5 in Unarmed Combat
  8316 | D:7      | Reached skill level 5 in Evocations
  8739 | D:7      | Reached skill level 7 in Dodging
  8905 | D:8      | Identified the +6 dagger of Karma {freeze, rElec rN+++
                  | Will- Str-5}
  9359 | D:8      | Reached ***** piety under Cheibriados
  9989 | D:9      | Noticed a two-headed ogre
 10001 | D:9      | Killed a two-headed ogre
 10002 | D:9      | Reached skill level 7 in Stealth
 10002 | D:9      | Reached skill level 6 in Invocations
 10069 | D:9      | Found a flagged portal.
 10071 | D:9      | Noticed a two-headed ogre
 10073 | D:9      | Identified the +4 hand axe of Distant Worlds {flame,
                  | Fragile rElec rF+ Int+4}
 10081 | D:9      | Killed a two-headed ogre
 10084 | Bailey   | Entered a bailey
 10210 | Bailey   | Reached XP level 11. HP: 75/81 MP: 18/22
 10276 | Bailey   | Found an iron altar of Okawaru.
 10276 | Bailey   | Noticed an orc knight
 10291 | Bailey   | Reached skill level 6 in Fighting
 10291 | Bailey   | Reached skill level 6 in Short Blades
 10291 | Bailey   | Reached skill level 6 in Long Blades
 10291 | Bailey   | Reached skill level 6 in Axes
 10291 | Bailey   | Reached skill level 6 in Maces & Flails
 10291 | Bailey   | Reached skill level 6 in Polearms
 10291 | Bailey   | Reached skill level 6 in Staves
 10291 | Bailey   | Reached skill level 6 in Slings
 10291 | Bailey   | Reached skill level 6 in Bows
 10291 | Bailey   | Reached skill level 6 in Crossbows
 10291 | Bailey   | Reached skill level 6 in Throwing
 10291 | Bailey   | Reached skill level 6 in Armour
 10291 | Bailey   | Reached skill level 6 in Shields
 10291 | Bailey   | Reached skill level 6 in Unarmed Combat
 10291 | Bailey   | Reached skill level 6 in Evocations
 10292 | Bailey   | HP: 8/81 [orc knight/+0 war axe (17)]
 10299 | Bailey   | HP: 13/81 [orc knight/+0 war axe (23)]
 10310 | Bailey   | Killed an orc knight
 10311 | Bailey   | Reached skill level 5 in Conjurations
 10311 | Bailey   | Reached skill level 5 in Hexes
 10311 | Bailey   | Reached skill level 5 in Necromancy
 10311 | Bailey   | Reached skill level 5 in Translocations
 10311 | Bailey   | Reached skill level 5 in Transmutations
 10311 | Bailey   | Reached skill level 5 in Fire Magic
 10311 | Bailey   | Reached skill level 5 in Ice Magic
 10311 | Bailey   | Reached skill level 5 in Air Magic
 10311 | Bailey   | Reached skill level 5 in Earth Magic
 10311 | Bailey   | Reached skill level 5 in Poison Magic
 10460 | Bailey   | HP: 19/81 [electric eel/bolt of electricity (10)]
 10551 | Bailey   | Reached skill level 8 in Spellcasting
 10920 | Bailey   | Acquired a book of Lightning
 10921 | Bailey   | You pick up a book of Lightning and begin reading...
 10921 | Bailey   | You add the spells Static Discharge, Lightning Bolt and
                  | Maxwell's Capacitive Coupling to your library.
 10922 | Bailey   | Acquired the +11 fustibalus of Yluriak {venom, rCorr Int+3}
 11262 | D:9      | Learned a level 5 spell: Lightning Bolt
 12375 | D:10     | Entered Level 10 of the Dungeon
 12401 | D:10     | Noticed a two-headed ogre
 12405 | D:10     | Killed a two-headed ogre
 12406 | D:10     | Reached skill level 8 in Dodging
 12406 | D:10     | Reached skill level 9 in Summonings
 12406 | D:10     | Reached skill level 7 in Invocations
 12729 | D:10     | Reached skill level 8 in Stealth
 12734 | D:10     | Noticed Erolcha
 12736 | D:10     | Killed Erolcha
 12737 | D:10     | Reached XP level 12. HP: 89/89 MP: 9/24
 12881 | D:10     | Found a staircase to the Lair.
 12917 | D:10     | Reached ****** piety under Cheibriados
 13151 | D:10     | Reached skill level 7 in Fighting
 13151 | D:10     | Reached skill level 7 in Short Blades
 13151 | D:10     | Reached skill level 7 in Long Blades
 13151 | D:10     | Reached skill level 7 in Axes
 13151 | D:10     | Reached skill level 7 in Maces & Flails
 13151 | D:10     | Reached skill level 7 in Polearms
 13151 | D:10     | Reached skill level 7 in Staves
 13151 | D:10     | Reached skill level 7 in Slings
 13151 | D:10     | Reached skill level 7 in Bows
 13151 | D:10     | Reached skill level 7 in Crossbows
 13151 | D:10     | Reached skill level 7 in Throwing
 13151 | D:10     | Reached skill level 7 in Armour
 13151 | D:10     | Reached skill level 7 in Shields
 13151 | D:10     | Reached skill level 7 in Unarmed Combat
 13151 | D:10     | Reached skill level 7 in Evocations
 13372 | D:10     | Noticed a two-headed ogre
 13377 | D:10     | Killed a two-headed ogre
 13401 | D:10     | Identified the +6 hunting sling "Siwy" {freeze, Dex+3}
 13556 | D:10     | Found Tinetesu's Lightly-Used Armoury.
 13669 | D:10     | Noticed Snorg
 13676 | D:10     | Killed Snorg
 13931 | D:11     | Reached skill level 6 in Conjurations
 13931 | D:11     | Reached skill level 6 in Hexes
 13931 | D:11     | Reached skill level 6 in Necromancy
 13931 | D:11     | Reached skill level 6 in Translocations
 13931 | D:11     | Reached skill level 6 in Transmutations
 13931 | D:11     | Reached skill level 6 in Fire Magic
 13931 | D:11     | Reached skill level 6 in Ice Magic
 13931 | D:11     | Reached skill level 6 in Air Magic
 13931 | D:11     | Reached skill level 6 in Earth Magic
 13931 | D:11     | Reached skill level 6 in Poison Magic
 13988 | D:11     | Reached skill level 8 in Invocations
 14095 | D:11     | Found a stormy altar of Qazlal.
 14238 | D:11     | Reached skill level 9 in Spellcasting
 14491 | D:11     | Gained mutation: Your spells are a little harder to cast,
                  | but a little more powerful. [potion of mutation]
 14491 | D:11     | Gained mutation: You do not regenerate when monsters are
                  | visible. [potion of mutation]
 14491 | D:11     | Gained mutation: You are resistant to electric shocks.
                  | (rElec) [potion of mutation]
 14491 | D:11     | Gained mutation: You have large cloven feet. [potion of
                  | mutation]
 15041 | D:12     | You pick up a book of Transfigurations {@e2} and begin
                  | reading...
 15041 | D:12     | You add the spells Irradiate, Blade Hands and Dragon Form
                  | to your library.
 15084 | D:12     | Identified the +3 leather armour of the Undertaker {Rampage
                  | Str+3}
 15176 | D:12     | Reached skill level 9 in Dodging
 15268 | D:12     | You fall into a shaft and drop 3 floors!
 15268 | D:15     | Entered Level 15 of the Dungeon
 15275 | D:15     | Noticed a boulder beetle
 15290 | D:15     | HP: 19/92 [deep elf pyromancer/bolt of fire (19)]
 15290 | D:15     | Noticed a tengu warrior
 15299 | D:15     | Killed a tengu warrior
 15300 | D:15     | Reached skill level 9 in Stealth
 15300 | D:15     | Reached XP level 13. HP: 22/98 MP: 0/26
 15655 | D:15     | Reached skill level 8 in Fighting
 15655 | D:15     | Reached skill level 8 in Short Blades
 15655 | D:15     | Reached skill level 8 in Long Blades
 15655 | D:15     | Reached skill level 8 in Axes
 15655 | D:15     | Reached skill level 8 in Maces & Flails
 15655 | D:15     | Reached skill level 8 in Polearms
 15655 | D:15     | Reached skill level 8 in Staves
 15655 | D:15     | Reached skill level 8 in Slings
 15655 | D:15     | Reached skill level 8 in Bows
 15655 | D:15     | Reached skill level 8 in Crossbows
 15655 | D:15     | Reached skill level 8 in Throwing
 15655 | D:15     | Reached skill level 8 in Armour
 15655 | D:15     | Reached skill level 8 in Shields
 15655 | D:15     | Reached skill level 8 in Unarmed Combat
 15655 | D:15     | Reached skill level 8 in Evocations
 15655 | D:15     | Lost mutation: You have large cloven feet. [potion of
                  | mutation]
 15655 | D:15     | Lost mutation: You are resistant to electric shocks.
                  | (rElec) [potion of mutation]
 15655 | D:15     | Gained mutation: You sometimes lose the ability to read
                  | scrolls when taking damage. [potion of mutation]
 15656 | D:15     | Lost mutation: Your spells are a little harder to cast, but
                  | a little more powerful. [potion of mutation]
 15656 | D:15     | Lost mutation: You sometimes lose the ability to read
                  | scrolls when taking damage. [potion of mutation]
 15656 | D:15     | Lost mutation: You do not regenerate when monsters are
                  | visible. [potion of mutation]
 15656 | D:15     | Gained mutation: You have a pair of small horns on your
                  | head. [potion of mutation]
 15656 | D:15     | Gained mutation: You sometimes lose the ability to read
                  | scrolls when taking damage. [potion of mutation]
 15657 | D:15     | Lost mutation: You have a pair of small horns on your head.
                  | [potion of mutation]
 15657 | D:15     | Lost mutation: You sometimes lose the ability to read
                  | scrolls when taking damage. [potion of mutation]
 15657 | D:15     | Gained mutation: You have hidden genetic potential. [potion
                  | of mutation]
 15657 | D:15     | Gained mutation: You are partially covered in iridescent
                  | scales. (AC +2) [potion of mutation]
 15684 | D:15     | HP: 23/98 [white ugly thing (28)]
 15688 | D:15     | Reached skill level 9 in Invocations
 15689 | D:15     | Reached skill level 10 in Summonings
 15905 | D:15     | Noticed a fire dragon
 15915 | D:15     | Killed a fire dragon
 15927 | D:15     | Reached skill level 7 in Conjurations
 15927 | D:15     | Reached skill level 7 in Hexes
 15927 | D:15     | Reached skill level 7 in Necromancy
 15927 | D:15     | Reached skill level 7 in Translocations
 15927 | D:15     | Reached skill level 7 in Transmutations
 15927 | D:15     | Reached skill level 7 in Fire Magic
 15927 | D:15     | Reached skill level 7 in Ice Magic
 15927 | D:15     | Reached skill level 7 in Air Magic
 15927 | D:15     | Reached skill level 7 in Earth Magic
 15927 | D:15     | Reached skill level 7 in Poison Magic
 16130 | D:15     | You pick up a book of Frost and begin reading...
 16130 | D:15     | You add the spells Freeze and Frozen Ramparts to your
                  | library.
 16281 | D:14     | Found Sythraer's Weapon Shop.
 16638 | D:14     | Reached skill level 10 in Spellcasting
 16782 | D:14     | HP: 22/99 [+5 long sword (17)]
 16942 | D:14     | Found a gate to the Vaults.
 16986 | D:14     | Reached skill level 10 in Dodging
 17175 | D:13     | You pick up a book of Hexes and begin reading...
 17175 | D:13     | You add the spells Inner Flame, Cause Fear and Discord to
                  | your library.
 17269 | D:13     | Learned a level 3 spell: Inner Flame
 17281 | D:13     | Reached XP level 14. HP: 106/106 MP: 28/28
 17622 | D:13     | Gained mutation: Your spells are a little harder to cast,
                  | but a little more powerful. [hidden potential]
 17668 | D:13     | Reached skill level 9 in Fighting
 17668 | D:13     | Reached skill level 9 in Short Blades
 17668 | D:13     | Reached skill level 9 in Long Blades
 17668 | D:13     | Reached skill level 9 in Axes
 17668 | D:13     | Reached skill level 9 in Maces & Flails
 17668 | D:13     | Reached skill level 9 in Polearms
 17668 | D:13     | Reached skill level 9 in Staves
 17668 | D:13     | Reached skill level 9 in Slings
 17668 | D:13     | Reached skill level 9 in Bows
 17668 | D:13     | Reached skill level 9 in Crossbows
 17668 | D:13     | Reached skill level 9 in Throwing
 17668 | D:13     | Reached skill level 9 in Armour
 17668 | D:13     | Reached skill level 9 in Shields
 17668 | D:13     | Reached skill level 9 in Unarmed Combat
 17668 | D:13     | Reached skill level 9 in Evocations
 18143 | D:12     | Reached skill level 10 in Stealth
 18271 | D:12     | Reached skill level 10 in Invocations
 18472 | Lair:1   | Entered Level 1 of the Lair of Beasts
 18476 | Lair:1   | Noticed Joseph
 18482 | Lair:1   | Killed Joseph
 18718 | Lair:1   | Noticed Grum
 18725 | Lair:1   | Killed Grum
 19332 | Lair:1   | Noticed Sonja
 19334 | Lair:1   | Killed Sonja
 20070 | Lair:2   | Found a hole to the Spider Nest.
 20347 | Lair:2   | Reached skill level 8 in Conjurations
 20347 | Lair:2   | Reached skill level 8 in Hexes
 20347 | Lair:2   | Reached skill level 8 in Necromancy
 20347 | Lair:2   | Reached skill level 8 in Translocations
 20347 | Lair:2   | Reached skill level 8 in Transmutations
 20347 | Lair:2   | Reached skill level 8 in Fire Magic
 20347 | Lair:2   | Reached skill level 8 in Ice Magic
 20347 | Lair:2   | Reached skill level 8 in Air Magic
 20347 | Lair:2   | Reached skill level 8 in Earth Magic
 20347 | Lair:2   | Reached skill level 8 in Poison Magic
 21617 | Lair:3   | Found a staircase to the Swamp.
 21943 | Lair:4   | Reached XP level 15. HP: 115/115 MP: 11/29
 22299 | Lair:4   | Reached skill level 11 in Spellcasting
 22731 | Lair:4   | Gained mutation: You passively map a small area around you.
                  | [hidden potential]
 22731 | Lair:4   | Lost mutation: You have hidden genetic potential. [hidden
                  | potential expressed]
 23078 | Lair:4   | You pick up a book of Iron and begin reading...
 23078 | Lair:4   | You add the spells Animate Armour and Iron Shot to your
                  | library.
 23192 | Lair:4   | Identified the +7 hand axe "Gettuudi" {flame, Stlth+}
 23530 | Lair:5   | Noticed Nessos
 23536 | Lair:5   | Killed Nessos
 23537 | Lair:5   | Reached skill level 11 in Dodging
 23537 | Lair:5   | Reached skill level 11 in Summonings
 23638 | Lair:5   | Reached skill level 10 in Fighting
 23638 | Lair:5   | Reached skill level 10 in Short Blades
 23638 | Lair:5   | Reached skill level 10 in Long Blades
 23638 | Lair:5   | Reached skill level 10 in Axes
 23638 | Lair:5   | Reached skill level 10 in Maces & Flails
 23638 | Lair:5   | Reached skill level 10 in Polearms
 23638 | Lair:5   | Reached skill level 10 in Staves
 23638 | Lair:5   | Reached skill level 10 in Slings
 23638 | Lair:5   | Reached skill level 10 in Bows
 23638 | Lair:5   | Reached skill level 10 in Crossbows
 23638 | Lair:5   | Reached skill level 10 in Throwing
 23638 | Lair:5   | Reached skill level 10 in Armour
 23638 | Lair:5   | Reached skill level 10 in Shields
 23638 | Lair:5   | Reached skill level 10 in Unarmed Combat
 23638 | Lair:5   | Reached skill level 10 in Evocations
 23673 | Lair:5   | Acquired the amulet "Fuatoit" {RegenMP rF+ rC+ rN+ Slay+2}
 23981 | Lair:5   | magus.rc [v1.9.6]
 24078 | Lair:6   | Entered Level 6 of the Lair of Beasts
 24089 | Lair:6   | Reached skill level 11 in Invocations
 24173 | Lair:6   | Reached skill level 11 in Stealth
 24202 | Lair:6   | HP: 27/115 [snapping turtle (3)]
 24790 | Lair:6   | Found a viscous altar of Jiyva.
 24790 | Lair:6   | Found a staircase to the Slime Pits.
 24805 | Lair:6   | You pick up a book of Armaments and begin reading...
 24805 | Lair:6   | You add the spells Stone Arrow and Lehudib's Crystal Spear
                  | to your library.
 25252 | Lair:6   | You pick up a book of Necromancy and begin reading...
 25252 | Lair:6   | You add the spells Pain, Animate Skeleton and Vampiric
                  | Draining to your library.
 25881 | D:15     | Found Mitteb Qiot's Weapon Boutique.
 26062 | D:15     | Reached XP level 16. HP: 66/123 MP: 9/31
 26650 | D:15     | Found a staircase to the Depths.
 27071 | D:14     | You pick up a book of Scorching and begin reading...
 27071 | D:14     | You add the spells Scorch, Flame Wave and Summon Cactus
                  | Giant to your library.
 27160 | D:14     | Reached skill level 9 in Conjurations
 27160 | D:14     | Reached skill level 9 in Hexes
 27160 | D:14     | Reached skill level 9 in Necromancy
 27160 | D:14     | Reached skill level 9 in Translocations
 27160 | D:14     | Reached skill level 9 in Transmutations
 27160 | D:14     | Reached skill level 9 in Fire Magic
 27160 | D:14     | Reached skill level 9 in Ice Magic
 27160 | D:14     | Reached skill level 9 in Air Magic
 27160 | D:14     | Reached skill level 9 in Earth Magic
 27160 | D:14     | Reached skill level 9 in Poison Magic
 27747 | D:12     | Found Cheibriados's Comfort Zone.
 27749 | D:12     | Found a snail-covered altar of Cheibriados.
 27756 | D:12     | Bought a +2 crystal plate armour of ponderousness for 938
                  | gold pieces
 27756 | D:12     | Y - a +2 crystal plate armour of ponderousness {rare=g}
 27766 | D:12     | You finish putting on your +2 crystal plate armour of
                  | ponderousness {rare=g}.
 27766 | D:12     | your +2 crystal plate armour of ponderousness {rare=g}
                  | glows green for a moment.
 27767 | D:12     | your +3 crystal plate armour of ponderousness {rare=g}
                  | glows green for a moment.
 27812 | D:12     | Found a staircase to the Orcish Mines.
 27834 | D:12     | Found Ufeeczea's Weapon Shop.
 28114 | Orc:1    | Entered Level 1 of the Orcish Mines
 28510 | Orc:1    | Paralysed by an orc sorcerer for 5 turns
 28869 | Orc:2    | Entered Level 2 of the Orcish Mines
 29892 | Orc:2    | Reached skill level 12 in Spellcasting
 29933 | Orc:2    | Found a staircase to the Elven Halls.
 30240 | Orc:2    | Paralysed by an orc sorcerer for 7 turns
 30359 | Orc:2    | Found Gausysch's Magic Scroll Boutique.
 30364 | Orc:2    | Bought a scroll of teleportation for 45 gold pieces
 30364 | Orc:2    | Bought a scroll of fear for 52 gold pieces
 30364 | Orc:2    | Bought a scroll of fog for 30 gold pieces
 30364 | Orc:2    | Bought a scroll of teleportation for 45 gold pieces
 30407 | Orc:2    | Reached skill level 11 in Fighting
 30407 | Orc:2    | Reached skill level 11 in Short Blades
 30407 | Orc:2    | Reached skill level 11 in Long Blades
 30407 | Orc:2    | Reached skill level 11 in Axes
 30407 | Orc:2    | Reached skill level 11 in Maces & Flails
 30407 | Orc:2    | Reached skill level 11 in Polearms
 30407 | Orc:2    | Reached skill level 11 in Staves
 30407 | Orc:2    | Reached skill level 11 in Slings
 30407 | Orc:2    | Reached skill level 11 in Bows
 30407 | Orc:2    | Reached skill level 11 in Crossbows
 30407 | Orc:2    | Reached skill level 11 in Throwing
 30407 | Orc:2    | Reached skill level 11 in Armour
 30407 | Orc:2    | Reached skill level 11 in Shields
 30407 | Orc:2    | Reached skill level 11 in Unarmed Combat
 30407 | Orc:2    | Reached skill level 11 in Evocations
 30643 | Orc:2    | Found Uciest's Assorted Antiques.
 30649 | Orc:2    | Bought a scroll of fear for 101 gold pieces
 30649 | Orc:2    | Bought a glowing cloak for 217 gold pieces
 30792 | Orc:2    | Reached skill level 12 in Invocations
 31100 | Orc:2    | Found Nodiwaj's Weapon Shoppe.
 31224 | Orc:2    | Found Natzon's Antique Armour Shop.
 31357 | Orc:2    | Reached skill level 12 in Dodging
 31647 | Elf:1    | Entered Level 1 of the Elven Halls
 32525 | Elf:1    | Noticed a deep elf blademaster
 32538 | Elf:1    | Killed a deep elf blademaster
 32539 | Elf:1    | Reached skill level 12 in Stealth
 33395 | Elf:1    | Noticed a deep elf blademaster
 33400 | Elf:1    | Killed a deep elf blademaster
 33401 | Elf:1    | Reached XP level 17. HP: 64/131 MP: 22/33
 34112 | Elf:1    | HP: 30/131 [deep elf zephyrmancer/bolt of lightning (13)]
 35264 | Elf:1    | Got the Volume of Conjuration {@e2}
 35809 | Elf:2    | Reached skill level 12 in Summonings
 36154 | Elf:2    | Found Siraov's Jewellery Shop.
 36159 | Elf:2    | Found Muixehit's Antique Weapon Shop.
 36890 | Elf:2    | Found a runed translucent gate.
 36890 | Elf:2    | Found a runed translucent gate.
 36890 | Elf:2    | Found a runed translucent gate.
 37002 | Elf:2    | Noticed Louise
 38159 | Elf:2    | Killed Louise
 38841 | Elf:2    | HP: 26/133 [+3 trident of pain (9)]
 39132 | Elf:2    | magus.rc [v1.9.6]
 39420 | Elf:2    | Reached skill level 10 in Conjurations
 39420 | Elf:2    | Reached skill level 10 in Hexes
 39420 | Elf:2    | Reached skill level 10 in Necromancy
 39420 | Elf:2    | Reached skill level 10 in Translocations
 39420 | Elf:2    | Reached skill level 10 in Transmutations
 39420 | Elf:2    | Reached skill level 10 in Fire Magic
 39420 | Elf:2    | Reached skill level 10 in Ice Magic
 39420 | Elf:2    | Reached skill level 10 in Air Magic
 39420 | Elf:2    | Reached skill level 10 in Earth Magic
 39420 | Elf:2    | Reached skill level 10 in Poison Magic
 40974 | Elf:3    | Entered Level 3 of the Elven Halls
 40998 | Elf:3    | Reached skill level 13 in Invocations
 41065 | Elf:3    | Reached skill level 12 in Fighting
 41065 | Elf:3    | Reached skill level 12 in Short Blades
 41065 | Elf:3    | Reached skill level 12 in Long Blades
 41065 | Elf:3    | Reached skill level 12 in Axes
 41065 | Elf:3    | Reached skill level 12 in Maces & Flails
 41065 | Elf:3    | Reached skill level 12 in Polearms
 41065 | Elf:3    | Reached skill level 12 in Staves
 41065 | Elf:3    | Reached skill level 12 in Slings
 41065 | Elf:3    | Reached skill level 12 in Bows
 41065 | Elf:3    | Reached skill level 12 in Crossbows
 41065 | Elf:3    | Reached skill level 12 in Throwing
 41065 | Elf:3    | Reached skill level 12 in Armour
 41065 | Elf:3    | Reached skill level 12 in Shields
 41065 | Elf:3    | Reached skill level 12 in Unarmed Combat
 41065 | Elf:3    | Reached skill level 12 in Evocations
 41267 | Elf:3    | Paralysed by an air elemental for 1 turns
 41366 | Elf:3    | Paralysed by an air elemental for 1 turns
 41369 | Elf:3    | Paralysed by an air elemental for 1 turns
 41375 | Elf:2    | Paralysed by an air elemental for 1 turns
 41525 | Elf:3    | Reached skill level 13 in Spellcasting
 41654 | Elf:3    | You add the spells Borgnjor's Revivification, Necromutation
                  | and Death's Door to your library.
 41720 | Elf:3    | Reached XP level 18. HP: 140/140 MP: 25/35
 41728 | Elf:3    | Noticed a Brimstone Fiend
 42428 | Elf:3    | Reached skill level 13 in Dodging
 42821 | Elf:3    | You pick up a book of Misfortune and begin reading...
 42821 | Elf:3    | You add the spells Confusing Touch, Yara's Violent
                  | Unravelling and Enfeeble to your library.
 43021 | Elf:3    | Reached skill level 13 in Stealth
 43060 | Elf:3    | You are cast into the Abyss!
 43060 | Elf:3    | Cast into level 3 of the Abyss (a deep elf sorcerer)
 43107 | Abyss:3  | Noticed a lich
 43120 | Abyss:3  | Killed a lich
 43136 | Abyss:3  | HP: 23/138 [black draconian knight/bolt of lightning (25)]
 43153 | Abyss:3  | HP: 32/138 [starcursed mass/accursed screaming (8)]
 43160 | Abyss:3  | HP: 34/138 [starcursed mass/accursed screaming (10)]
 43166 | Abyss:3  | HP: 21/138 [??? (14)]
 43363 | Abyss:3  | Noticed an ancient lich
 43389 | Abyss:3  | Killed from afar by an ancient lich

Vanquished Creatures
  A lich (Abyss:3)
  A deep elf blademaster (Elf:1)
  A tentacled starspawn (Abyss:3)
  A deep elf sorcerer (Elf:3)
  A frost giant (D:15)
  2 orc warlords (Orc:2)
  Louise (Elf:2)
  A deep elf demonologist (Elf:3)
  6 deep elf annihilators
  Snorg (D:10)
  A deep elf death mage (Elf:3)
  An ettin (shapeshifter) (D:15)
  A fire dragon (D:15)
  Erolcha (D:10)
  An ice dragon (Lair:2)
  14 hydras
  A boulder beetle (D:15)
  A catoblepas (D:14)
  6 two-headed ogres
  26 dancing weapons
  A centaur warrior (D:13)
  3 tengu warriors (D:14)
  4 death yaks (Lair:4)
  10 deep elf knights
  3 orc high priests (Orc:2)
  3 skeletal warriors (D:12)
  7 deep elf archers
  A glowing orange brain (shapeshifter) (D:15)
  5 orc knights
  4 lindwurms
  16 deep elf pyromancers
  2 cyclopes
  5 orc sorcerers
  9 ugly things
  18 deep elf zephyrmancers
  An oklob plant (Lair:6)
  3 manticores
  3 black mambas
  4 elephants (Lair:6)
  An ice statue (Lair:2)
  3 rime drakes (Lair:6)
  An unseen horror (D:13)
  12 cane toads
  5 yaktaurs (D:15)
  2 kobold demonologists
  A tengu conjurer (D:14)
  5 komodo dragons
  4 freezing wraiths
  3 polar bears
  A wind drake (Lair:6)
  6 trolls
  8 blink frogs
  2 hornets
  A slime creature (D:15)
  6 dream sheep
  An air elemental (Elf:2)
  38 yaks
  Sigmund (D:3)
  4 nameless horrors
  A wyvern (Lair:6)
  2 water elementals
  4 shadows
  4 fire elementals
  2 wraiths
  5 basilisks
  6 wargs (Orc:1)
  2 vampire mosquitoes (D:13)
  A steam dragon (Lair:6)
  3 acid dragons
  3 hell hounds (D:15)
  9 water moccasins
  32 orc warriors
  3 ice beasts (Lair:2)
  A sky beast (D:7)
  6 centaurs
  6 ogres
  8 wolves
  2 phantoms (D:6)
  5 kobold brigands
  3 gnoll sergeants
  9 bullfrogs
  3 earth elementals
  2 scorpions
  13 wights
  A howler monkey (D:7)
  5 electric eels (Bailey)
  4 hounds
  9 starcursed masses (Abyss:3)
  21 orc priests
  2 gnoll shamans
  5 iguanas
  12 orc wizards
  7 hell rats
  19 gnolls
  5 adders
  10 river rats (Lair:2)
  A shadow imp (D:8)
  A white imp (D:6)
  An ufetubus (D:5)
  A dart slug (D:1)
  62 orcs
  6 bats
  3 endoplasms
  4 giant cockroaches
  11 goblins
  10 hobgoblins
  3 jackals
  6 quokkas (Lair:2)
  4 ball pythons
  3 frilled lizards
  11 kobolds
  12 rats
  A plant (Lair:3)
651 creatures vanquished.

Vanquished Creatures (collateral kills)
  A deep elf blademaster (Elf:1)
  Nessos (Lair:5)
  A deep elf annihilator (Elf:1)
  3 deep elf death magi
  A deep elf high priest (Elf:3)
  2 hydras
  2 boulder beetles
  A merfolk avatar (Lair:6)
  A centaur warrior (D:15)
  2 death knights
  2 dancing weapons (Elf:2)
  A death yak (Lair:4)
  4 two-headed ogres
  3 tengu warriors (D:15)
  An orc high priest (Orc:2)
  7 deep elf knights
  A hell knight (D:15)
  Sonja (Lair:1)
  2 skeletal warriors (D:12)
  8 deep elf archers
  3 orc knights (Orc:2)
  13 deep elf zephyrmancers
  17 deep elf pyromancers
  A mana viper (shapeshifter) (Elf:2)
  A cyclops (D:12)
  An orc sorcerer (Orc:2)
  3 manticores
  8 ugly things
  3 elephants (Lair:6)
  Joseph (Lair:1)
  2 nameless horrors
  2 black mambas
  2 cane toads
  A torpor snail (Lair:5)
  An efreet (D:9)
  2 kobold demonologists
  A rime drake (Lair:3)
  2 yaktaurs (D:15)
  3 komodo dragons
  A tengu conjurer (D:15)
  A polar bear (Lair:6)
  4 trolls
  A tarantella (shapeshifter) (Elf:1)
  A wind drake (Lair:6)
  A blink frog (Lair:2)
  4 slime creatures (D:15)
  A snapping turtle (Lair:6)
  2 wraiths
  A wyvern (D:8)
  2 water elementals
  2 fire elementals (Elf:1)
  29 yaks
  2 steam dragons (D:8)
  3 basilisks
  Grum (Lair:1)
  A redback (Lair:2)
  A warg (Orc:1)
  5 water moccasins
  6 ice beasts
  4 ogres
  24 orc warriors
  A black bear (D:5)
  A sky beast (D:7)
  9 wolves
  3 centaurs
  A phantom (D:4)
  A kobold brigand (D:8)
  2 bullfrogs (Lair:1)
  2 earth elementals
  2 necrophages
  2 gnoll sergeants (D:7)
  4 wights
  An electric eel (Bailey)
  3 howler monkeys (D:9)
  A jelly (D:5)
  12 orc priests
  6 hounds
  Crazy Yiuf (D:2)
  2 gnoll shamans (D:7)
  An iguana (D:4)
  11 orc wizards
  3 hell rats
  Robin (D:3)
  7 adders
  24 gnolls
  2 river rats (Lair:2)
  2 white imps
  A dart slug (D:2)
  35 orcs
  2 ball pythons
  A bat (D:2)
  3 endoplasms
  10 goblins
  8 hobgoblins
  6 jackals
  A quokka (Lair:2)
  9 kobolds
  5 rats
  A starspawn tentacle (Abyss:3)
396 creatures vanquished.

Vanquished Creatures (others)
  A deep elf pyromancer (Elf:2)
  A yaktaur (D:15)
  2 orcs
  A bush (Lair:6)
  50 fungi
  45 plants
  2 starspawn tentacles (Abyss:3)
102 creatures vanquished.

Grand Total: 1149 creatures vanquished

Table legend:
 A = Non-vault XP
 B = Vault XP
 C = Vault XP percentage of total XP
 D = Non-vault monster count
 E = Vault monster count
 F = Vault count percentage of total count
                 A         B        C        D         E       F
            +---------+---------+-------+---------+---------+-------
      Total |  162417 |  104139 |  39.1 |     636 |     404 |  38.8
            +---------+---------+-------+---------+---------+-------
        D:1 |      39 |       0 |   0.0 |      23 |       0 |   0.0
        D:2 |      99 |      41 |  29.3 |      22 |       1 |   4.3
        D:3 |      91 |     246 |  73.0 |      15 |      12 |  44.4
        D:4 |     561 |       0 |   0.0 |      23 |       0 |   0.0
        D:5 |     940 |       0 |   0.0 |      26 |       0 |   0.0
        D:6 |    1212 |       0 |   0.0 |      25 |       0 |   0.0
        D:7 |    1892 |     838 |  30.7 |      23 |      31 |  57.4
        D:8 |    1366 |       0 |   0.0 |      27 |       0 |   0.0
        D:9 |    2967 |       0 |   0.0 |      15 |       0 |   0.0
       D:10 |    7752 |    1856 |  19.3 |      43 |       2 |   4.4
       D:11 |    1978 |       0 |   0.0 |       9 |       0 |   0.0
       D:12 |   10712 |     649 |   5.7 |      38 |      10 |  20.8
       D:13 |    4675 |       0 |   0.0 |      18 |       0 |   0.0
       D:14 |   10994 |    3323 |  23.2 |      19 |       8 |  29.6
       D:15 |   18546 |    5910 |  24.2 |      41 |      11 |  21.2
     Lair:1 |    3726 |    3919 |  51.3 |      19 |      12 |  38.7
     Lair:2 |    5372 |    4568 |  46.0 |      21 |      53 |  71.6
     Lair:3 |    3468 |       0 |   0.0 |      13 |       0 |   0.0
     Lair:4 |    7886 |    1289 |  14.0 |      19 |       2 |   9.5
     Lair:5 |    5779 |    1061 |  15.5 |      20 |       1 |   4.8
     Lair:6 |   15331 |    6231 |  28.9 |      47 |      17 |  26.6
      Orc:1 |    2251 |    1504 |  40.1 |      21 |      17 |  44.7
      Orc:2 |       0 |   22220 | 100.0 |       0 |     133 | 100.0
      Elf:1 |   17512 |   10970 |  38.5 |      33 |      14 |  29.8
      Elf:2 |   13278 |   28211 |  68.0 |      23 |      38 |  62.3
      Elf:3 |   23990 |    8480 |  26.1 |      37 |      10 |  21.3
    Abyss:3 |       0 |       0 |   N/A |      16 |       0 |   0.0
     Bailey |       0 |    2823 | 100.0 |       0 |      32 | 100.0
            +---------+---------+-------+---------+---------+-------

Illustrated notes

Table legend:
 A = Kills in this place as a percentage of kills in entire the game.
 B = Kills by you in this place as a percentage of kills by you in the entire game.
 C = Kills by friends in this place as a percentage of kills by friends in the entire game.
 D = Other kills in this place as a percentage of other kills in the entire game.
 E = Experience gained in this place as a percentage of experience gained in the entire game.
 F = Experience gained in this place divided by the number of levels of this place that you have seen.
                   A       B       C       D       E      F
               +-------+-------+-------+-------+-------+----------------------
         Total | 100.0 | 100.0 | 100.0 | 100.0 | 100.0 | 9519.9
       Dungeon |  42.5 |  37.9 |  50.1 |   0.0 |  28.8 | 5112.5
          Lair |  21.5 |  24.3 |  17.0 |   0.0 |  22.0 | 9771.7
  Orcish Mines |  16.4 |  18.3 |  13.5 |   0.0 |   9.7 | 12987.5
   Elven Halls |  14.9 |  14.7 |  15.0 | 100.0 |  38.4 | 34147.0
         Abyss |   1.5 |   2.2 |   0.5 |   0.0 |   0.0 |   0.0
        Bailey |   3.1 |   2.6 |   3.8 |   0.0 |   1.1 | 2823.0
               +-------+-------+-------+-------+-------+----------------------

Table legend: (Time is in decaauts)
 A = Elapsed time spent in this place.
 B = Non-inter-level travel time spent in this place.
 C = Inter-level travel time spent in this place.
 D = Time resting spent in this place.
 E = Time spent auto-exploring this place.
 F = Levels seen in this place.
 G = Mean time per level.
                   A        B        C        D        E       F      G
               +--------+--------+--------+--------+--------+-----+--------+
         Total |  59693 |  55372 |   4321 |  13382 |  33799 |  28 | 2131.9 |
       Dungeon |  27455 |  24701 |   2754 |   3524 |  17450 |  15 | 1830.3 |
          Lair |  11061 |  10317 |    744 |    761 |   8389 |   6 | 1843.5 |
  Orcish Mines |   5408 |   5170 |    238 |    644 |   3496 |   2 | 2704.0 |
   Elven Halls |  13955 |  13371 |    584 |   7915 |   3886 |   3 | 4651.7 |
         Abyss |    370 |    370 |      0 |    252 |      0 |   1 |  370.0 |
        Bailey |   1443 |   1443 |      0 |    286 |    576 |   1 | 1443.0 |
               +--------+--------+--------+--------+--------+-----+--------+

Top non-repeatable levels by time:
   Elf:2: 6528 daAuts
   Elf:1: 5340 daAuts
   Orc:2: 4192 daAuts
    D:10: 2801 daAuts
    D:15: 2657 daAuts
     D:9: 2346 daAuts
    D:12: 2265 daAuts
  Lair:1: 2250 daAuts
  Lair:4: 2202 daAuts
   Elf:3: 2086 daAuts
  Lair:6: 1985 daAuts
    D:14: 1968 daAuts
     D:6: 1918 daAuts
     D:1: 1872 daAuts
     D:8: 1812 daAuts
